 Dungeon Crawl Stone Soup version 0.29-a0-841-g116ddc6ace (webtiles) character file.

Game seed: 4199957481468597542

10 mathmaestro the Grave Robber (level 2, 18/20 HPs)
             Began as a Demonspawn Necromancer on July 15, 2022.
             Quit the game on level 1 of the Dungeon.
             The game lasted 00:01:05 (296 turns).

mathmaestro the Grave Robber (DsNe)                  Turns: 296, Time: 00:01:06

Health: 18/20      AC:  2    Str:  8    XL:     2   Next: 10%
Magic:  0/5        EV: 16    Int: 16    God:
Gold:   38         SH:  0    Dex: 13    Spells: 4/5 levels left

rFire   . . .      SeeInvis .   c - +0 dagger
rCold   . . .      Faith    .   (no shield)
rNeg    + . .      Spirit   .   a - +0 robe
rPois   .          Reflect  .   (helmet restricted)
rElec   .          Harm     .   (no cloak)
rCorr   .          Rampage  .   (no gloves)
Will    .....                   (no boots)
Stlth   ++........              (no amulet)
HPRegen 0.06/turn               e - ring of positive energy
MPRegen 0.09/turn               f - +4 ring of evasion

@: no status effects
A: antennae 1
a: no special abilities


You were on level 1 of the Dungeon.
You visited 1 branch of the dungeon, and saw 1 of its levels.

You collected 38 gold pieces.

Inventory:

Hand Weapons
 c - a +0 dagger (weapon)
Armour
 a - a +0 robe (worn)
Jewellery
 e - a ring of positive energy (left hand)
 f - a +4 ring of evasion (right hand)
Scrolls
 g - a scroll of amnesia {unknown}
Potions
 b - a potion of magic
 d - a potion of flight {unknown}


   Skills:
 + Level 0.6 Fighting
 + Level 0.2 Armour
 + Level 1.9 Dodging
 + Level 1.9 Stealth
 + Level 2.1 Spellcasting
 + Level 4.4 Necromancy


You had 4 spell levels left.
You knew the following spells:

 Your Spells              Type           Power      Damage    Failure   Level
a - Necrotise             Necr           64%        1d7       3%          1

Your spell library contained the following spells:

 Spells                   Type           Power      Damage    Failure   Level
 Vampiric Draining        Necr           16%        2d7       10%         3
 Foxfire                  Conj/Fire      4%         2x1d4     21%         1
 Animate Dead             Necr           16%        N/A       32%         4
 Confusing Touch          Hex            1%         N/A       52%         3
 Conjure Flame            Conj/Fire      1%         6-21      52%         3
 Inner Flame              Hex/Fire       1%         N/A       52%         3
 Flame Wave               Conj/Fire      1%         2d4       90%         4
 Agony                    Necr           16%        N/A       65%         5
 Yara's Violent Unravell  Hex/Tmut       0%         3d3       99%         5
 Enfeeble                 Hex            0%         N/A       100%        7


Dungeon Overview and Level Annotations

Branches:
Dungeon (1/15)

Altars:


Innate Abilities, Weirdness & Mutations

You have a pair of small antennae on your head.


Message History

Confirm with . or Enter, or press ? or * to list all spells.
Aiming: Necrotise (safe; 3% risk of failure)
Press: ? - help, Shift-Dir - straight line, f/p - hobgoblin
Aim: a hobgoblin (severely wounded, chance to affect: 85%)
The hobgoblin writhes in agony!
You kill the hobgoblin!
The dead are walking!
The bat barely misses you.
You have reached level 2!
Your demonic ancestry asserts itself...
A pair of antennae grows on your head! The bat misses you.
You miss the bat. The bat misses you.
Your hobgoblin skeleton hits the bat.
An endoplasm comes into view.
You hit the bat.
You kill the bat!
The hobgoblin misses you.
A hobgoblin, a kobold and a dart slug come into view.
The hobgoblin barely misses you. The kobold closely misses you.
Your hobgoblin skeleton closely misses the kobold.
You see here a bat corpse.
The hobgoblin hits you.
Your hobgoblin skeleton completely misses the kobold.
Casting: Necrotise (safe; 3% risk of failure)
Confirm with . or Enter, or press ? or * to list all spells.
Aiming: Necrotise (safe; 3% risk of failure)
Press: ? - help, Shift-Dir - straight line, f - kobold
Aim: a kobold, wielding a +0 short sword (ally target, chance to affect: 86%)
The kobold writhes in agony!
You kill the kobold!
The dead are walking!
Your hobgoblin skeleton barely misses the hobgoblin.
You hit the hobgoblin.
The hobgoblin is moderately wounded.
The hobgoblin misses you.
Your hobgoblin skeleton hits the endoplasm.
Casting: Necrotise (safe; 3% risk of failure)
Confirm with . or Enter, or press ? or * to list all spells.
You don't have enough magic to cast this spell.
Unknown command.
Are you sure you want to abandon this character and quit the game? (Confirm with "yes".)

#........######..........
#........#...............
#........#.###...........
#........................
#########.......###.#####
#######..###..#....#
........## #....####
#######.# #.#..... ####@#
#.##.### #...g## [.. .#
#[..JZ# ..# ## ......Z..#
..# .?.....g.K.
............#
...#..w.....K.
####...........
#...........


You could see a dart slug, an endoplasm, 2 hobgoblins, a kobold, a friendly
hobgoblin skeleton and a friendly kobold skeleton.

Vanquished Creatures
  2 endoplasms (D:1)
  A hobgoblin (D:1)
  2 ball pythons (D:1)
  A bat (D:1)
  A frilled lizard (D:1)
  2 kobolds (D:1)
  A rat (D:1)
10 creatures vanquished.

Notes
Turn   | Place    | Note
-------+----------+-------------------------------------------
     0 | D:1      | mathmaestro the Demonspawn Necromancer began the quest for
                  | the Orb.
     0 | D:1      | Reached XP level 1. HP: 13/13 MP: 3/3
   288 | D:1      | Gained mutation: You have a pair of small antennae on your
                  | head. [demonic ancestry]
   288 | D:1      | Reached XP level 2. HP: 20/20 MP: 1/5
   296 | D:1      | Quit the game

Illustrated notes

Levels and vault maps discovered:
D:1:      roderic_dead_forest, layout_rooms

Action                   || total
-------------------------++-------
Melee: Dagger            ||     7
 Cast: Necrotise         ||    12
Dodge: Dodged            ||     9

Table legend: (Time is in decaauts)
 A = Elapsed time spent in this place.
 B = Non-inter-level travel time spent in this place.
 C = Inter-level travel time spent in this place.
 D = Time resting spent in this place.
 E = Time spent auto-exploring this place.
 F = Levels seen in this place.
 G = Mean time per level.
                   A        B        C        D        E       F      G
               +--------+--------+--------+--------+--------+-----+--------+
         Total |    294 |    294 |      0 |     68 |    165 |   1 |  294.0 |
       Dungeon |    294 |    294 |      0 |     68 |    165 |   1 |  294.0 |
               +--------+--------+--------+--------+--------+-----+--------+

Top non-repeatable levels by time:
     D:1: 294 daAuts
